 Dungeon Crawl Stone Soup version 0.30-a0-149-g7f746667c4 (webtiles) character file.

Game seed: 14809042984075458340

9 LnG the Caller (level 2, 0/15 HPs)
             Began as a Kobold Summoner on Sept 26, 2022.
             Slain by a kobold
             ... wielding a +0 dagger of protection
              (3 damage)
             ... on level 1 of the Dungeon.
             The game lasted 00:01:16 (443 turns).

LnG the Caller (Kobold Summoner)                     Turns: 443, Time: 00:01:16

Health: 0/15       AC:  2    Str:  5    XL:     2   Next: 25%
Magic:  3/5        EV: 15    Int: 16    God:
Gold:   41         SH:  0    Dex: 15    Spells: 2/5 levels left

rFire   . . .      SeeInvis .    (weapon restricted)
rCold   . . .      Faith    .    (no shield)
rNeg    . . .      Spirit   .    a - +0 robe
rPois   .          Reflect  .    (no helmet)
rElec   .          Harm     .    (no cloak)
rCorr   .          Rampage  .    (no gloves)
Will    .....                    (no boots)
Stlth   +++.......               (no amulet)
HPRegen 0.05/turn                (no ring)
MPRegen 0.09/turn                (no ring)

@: no status effects
A: small, no large weapons, nightstalker 3
a: no special abilities


You were on level 1 of the Dungeon.
You visited 1 branch of the dungeon, and saw 1 of its levels.

You collected 41 gold pieces.

Inventory:

Armour
 a - a +0 robe (worn)
Scrolls
 c - a scroll of teleportation {unknown}
 e - a scroll of enchant armour {unknown}
Potions
 b - a potion of magic
 d - 2 potions of curing {unknown}


   Skills:
 + Level 2.4 Dodging
 + Level 2.7 Stealth
 + Level 2.3 Spellcasting
 + Level 4.3 Summonings


You had 2 spell levels left.
You knew the following spells:

 Your Spells              Type           Power      Damage    Failure   Level
a - Summon Small Mammal   Summ           60%        N/A       3%          1
b - Call Imp              Summ           15%        N/A       4%          2

Your spell library contained the following spells:

 Spells                   Type           Power      Damage    Failure   Level
 Call Canine Familiar     Summ           15%        N/A       10%         3
 Summon Guardian Golem    Hex/Summ       8%         N/A       24%         3
 Summon Lightning Spire   Summ/Air       8%         N/A       63%         4


Dungeon Overview and Level Annotations

Branches:
Dungeon (1/15)

Altars:


Innate Abilities, Weirdness & Mutations

You are small and have problems with some larger weapons.
You are completely attuned to the shadows.


Message History

Your rat closely misses the kobold.
The kobold hits you but does no damage.
You closely miss the kobold.
The kobold is moderately wounded.
Your rat misses the kobold.
The kobold hits you with a +0 dagger of protection.
You hit the kobold but do no damage.
The kobold is moderately wounded.
Your rat barely misses the kobold.
The kobold barely misses you.
Your crimson imp hits the kobold but does no damage.
You hit the kobold.
The kobold is moderately wounded.
Your rat closely misses the kobold.
The kobold completely misses you.
Your crimson imp hits the kobold but does no damage.
You closely miss the kobold.
The kobold is moderately wounded.
Your rat bites the kobold but does no damage.
The kobold hits you with a +0 dagger of protection.
Your crimson imp hits the kobold but does no damage.
You closely miss the kobold.
The kobold is moderately wounded.
Your rat bites the kobold but does no damage.
The kobold hits you with a +0 dagger of protection.
* * * LOW HITPOINT WARNING * * *
Your crimson imp misses the kobold.
Casting: Summon Small Mammal (safe; 3% risk of failure)
Confirm with . or Enter, or press ? or * to list all spells.
Your rat disappears in a puff of smoke!
The kobold hits you with a +0 dagger of protection.
* * * LOW HITPOINT WARNING * * *
Your crimson imp hits the kobold but does no damage.
You swap places.
Your bat closely misses the kobold.
Your bat hits the kobold but does no damage.
The kobold hits your bat with a +0 dagger of protection.
Your bat dies!
Your bat's corpse disappears in a puff of smoke!
Your crimson imp closely misses the kobold.
You closely miss the kobold.
The kobold is moderately wounded.
The kobold hits you with a +0 dagger of protection.
You die...

#.# # #.### ...
#.# #.# #.#
##.##########.#
##...........#.#
#.#?....######.#.#
...........# #.#.#
#.###.5###.###.#)#
##K###.......#
#@........###
###########


You could see a kobold (ally target) and a friendly crimson imp (summoned).

Vanquished Creatures (collateral kills)
  A dart slug (D:1)
  A ball python (D:1)
  2 hobgoblins (D:1)
  2 frilled lizards (D:1)
  2 rats (D:1)
8 creatures vanquished.

Notes
Turn   | Place    | Note
-------+----------+-------------------------------------------
     0 | D:1      | LnG the Kobold Summoner began the quest for the Orb.
     0 | D:1      | Reached XP level 1. HP: 10/10 MP: 3/3
   270 | D:1      | Reached XP level 2. HP: 15/15 MP: 1/5
   273 | D:1      | Learned a level 2 spell: Call Imp
   443 | D:1      | Slain by a kobold

Illustrated notes

Levels and vault maps discovered:
D:1:      dpeg_arrival_tiny_c, layout_loops_corners,
          chequers_ecumenical_altar_grove

Action                   || total
-------------------------++-------
Melee: Unarmed           ||    22
 Cast: Summon Small Mamm ||    14
       Call Imp          ||     1
Armor: Robe              ||     3
Dodge: Dodged            ||    21

Table legend: (Time is in decaauts)
 A = Elapsed time spent in this place.
 B = Non-inter-level travel time spent in this place.
 C = Inter-level travel time spent in this place.
 D = Time resting spent in this place.
 E = Time spent auto-exploring this place.
 F = Levels seen in this place.
 G = Mean time per level.
                   A        B        C        D        E       F      G
               +--------+--------+--------+--------+--------+-----+--------+
         Total |    443 |    443 |      0 |      0 |    349 |   1 |  443.0 |
       Dungeon |    443 |    443 |      0 |      0 |    349 |   1 |  443.0 |
               +--------+--------+--------+--------+--------+-----+--------+

Top non-repeatable levels by time:
     D:1: 443 daAuts
